 Dungeon Crawl Stone Soup version 0.16-a0-3190-g4098104 (console) character file.

302 Roderic the Ducker (level 6, -3/46 HPs)
             Began as a Human Gladiator on Dec 21, 2014.
             Shot with an arrow by a centaur (4 damage)
             ... on level 5 of the Dungeon.
             The game lasted 00:16:17 (3406 turns).

Roderic the Ducker (Human Gladiator)                Turns: 3406, Time: 00:16:17

Health: -3/46      AC:  5    Str: 15    XL:     6   Next: 65%
Magic:  6/6        EV: 14    Int:  9    God:
Gold:   226        SH:  0    Dex: 15    Spells: 0 memorised, 5 levels left

rFire  . . .     SeeInvis .     a - +0 flail
rCold  . . .     Clarity  .     b - +0 leather armour
rNeg   . . .     SustAb   .     (no shield)
rPois  .         Gourm    .     g - +2 hat
rElec  .         Spirit   .     (no cloak)
rCorr  .         Warding  .     (no gloves)
rMut   .         Stasis   .     (no boots)
MR     .....                    (no amulet)
Stlth  ++........               (no ring)
                                (no ring)

@: slowed, very slow, not resistant to hostile enchantments, unstealthy
A: no striking features
a: no special abilities


You were on level 5 of the Dungeon.
You were not hungry.

You visited 1 branch of the dungeon, and saw 5 of its levels.

You collected 226 gold pieces.

Inventory:

Hand weapons
 a - a +0 flail (weapon)
 j - a +0 hunting sling
Missiles
 d - a throwing net (quivered)
 e - 48 stones
 k - 8 javelins
Armour
 b - a +0 leather armour (worn)
 c - a +0 helmet
 g - a +2 hat (worn)
Scrolls
 s - a scroll of magic mapping
Potions
 h - a potion of brilliance
 l - a potion of cure mutation {unknown}
 o - a potion of magic {unknown}
 q - a potion of haste {unknown}
 t - a potion of restore abilities
Comestibles
 p - a beef jerky
 r - a meat ration
 u - a royal jelly


   Skills:
 + Level 2.9 Fighting
 + Level 4.0 Maces & Flails
 + Level 2.4 Throwing
 + Level 2.3 Armour
 + Level 4.7 Dodging
 + Level 1.4 Stealth


You had 5 spell levels left.
You didn't know any spells.

Dungeon Overview and Level Annotations

Branches:
Dungeon (5/15)
 Temple: D:4-7

Altars:
Cheibriados
Fedhas
Kikubaaqudgha
Vehumet


Message History

You feel less exhausted.
The centaur shouts!
The centaur wields a shortbow.
The centaur shoots an arrow.
The arrow hits you!
* * * LOW HITPOINT WARNING * * *
You see here an arrow.
The centaur shoots an arrow.
The arrow closely misses you.
The centaur shoots an arrow.
The arrow closely misses you.
Read which item? (? for menu, Esc to quit)
Okay, then.
Drink which item? (? for menu, Esc to quit)
You feel better.
The centaur shoots an arrow.
The arrow closely misses you.
The centaur shoots an arrow.
The arrow barely misses you.
Drink which item? (? for menu, Esc to quit)
You feel refreshed.
The centaur shoots an arrow.
The arrow hits you!
The centaur shoots an arrow.
The arrow hits you.
* * * LOW HITPOINT WARNING * * *
The centaur shoots an arrow.
The arrow hits you!
* * * LOW HITPOINT WARNING * * *
The centaur shoots an arrow.
The arrow hits you.
You die...

### .. .# ###.#
##...#######.#
#########...###.@..c.#
. .
..........#.(.((######
#.#.#
#########...#####
#.#.# ##.## #.#.# #.#
#.#.# #######.# #.#.#
#..{....# #.#.#
#.####### #####.#.###
#.# #.........#


You could see a centaur.

Vanquished Creatures
  A sky beast (D:5)
  A crimson imp (D:5)
  A hound (D:4)
  A worker ant (D:4)
  An orc wizard (D:5)
  5 adders
  2 giant geckos (D:3)
  5 orcs
  5 bats
  5 giant cockroaches
  12 goblins
  8 hobgoblins
  3 kobolds
  3 giant newts
  5 rats
58 creatures vanquished.

Notes
Turn   | Place    | Note
--------------------------------------------------------------
     0 | D:1      | Roderic, the Human Gladiator, began the quest for the Orb.
     0 | D:1      | Reached XP level 1. HP: 16/16 MP: 1/1
   203 | D:1      | Reached XP level 2. HP: 22/22 MP: 2/2
   503 | D:1      | Found a snail-covered altar of Cheibriados.
   974 | D:3      | Reached XP level 3. HP: 25/27 MP: 3/3
  1135 | D:3      | Found a snail-covered altar of Cheibriados.
  1137 | D:3      | Found an ancient bone altar of Kikubaaqudgha.
  1211 | D:3      | Reached skill level 1 in Armour
  1330 | D:2      | Reached XP level 4. HP: 18/34 MP: 4/4
  2748 | D:3      | Found a blossoming altar of Fedhas.
  2748 | D:3      | Found a radiant altar of Vehumet.
  2807 | D:4      | Reached skill level 4 in Dodging
  2825 | D:4      | Reached XP level 5. HP: 28/39 MP: 5/5
  3032 | D:5      | Entered Level 5 of the Dungeon
  3187 | D:5      | Noticed a centaur
  3236 | D:5      | Reached skill level 1 in Stealth
  3236 | D:5      | Reached XP level 6. HP: 40/46 MP: 6/6
  3242 | D:5      | Noticed a sky beast
  3317 | D:5      | Killed a sky beast
  3401 | D:5      | Noticed a centaur
  3406 | D:5      | HP: 1/46 [centaur/arrow (12)]
  3406 | D:5      | Shot with an arrow by a centaur

Action                   |  1- 3 |  4- 6 || total
-------------------------+-------+-------++-------
Melee: Flail             |   102 |   110 ||   212
Throw: Throwing net      |       |     9 ||     9
  Use: Scroll            |       |     6 ||     6
       Potion            |       |     5 ||     5
 Stab: Sleeping          |     1 |     1 ||     2
       Held in net/web   |       |     1 ||     1
  Eat: Bread ration      |     1 |     1 ||     2
       Pizza             |       |     1 ||     1
